 Dungeon Crawl Stone Soup version 0.17-a0-1863-g715b4b0 (webtiles) character file.

1992 TruthSerum the Fighter (level 9, 0/85 HPs)
             Began as a Hill Orc Fighter on Sept 20, 2015.
             Slain by Joseph
             ... wielding a +1 quarterstaff of protection
              (10 damage)
             ... on level 7 of the Dungeon.
             The game lasted 00:25:37 (5935 turns).

TruthSerum the Fighter (Hill Orc Fighter)           Turns: 5935, Time: 00:25:37

Health: 0/85       AC: 17    Str: 19      XL:     9   Next: 21%
Magic:  9/9        EV:  3    Int:  8      God:
Gold:   306        SH:  9    Dex: 12 (13) Spells: 0 memorised, 8 levels left

rFire  + . .     SeeInvis .     a - +0 flail
rCold  + + .     Clarity  .     z - +0 plate armour
rNeg   . . .     SustAt   +     c - +0 shield
rPois  +         Gourm    .     (no helmet)
rElec  +         Spirit   .     (no cloak)
rCorr  +         Warding  .     q - +0 pair of gloves
rMut   .         Stasis   .     g - +2 pair of boots
MR     .....                    r - amulet of resist corrosion
Stlth  ..........               n - ring of protection from cold
                                m - ring of sustain attributes

@: resistant, very slightly contaminated, invisible, not resistant to hostile
enchantments, extremely unstealthy
A: no striking features
a: no special abilities


You were on level 7 of the Dungeon.
You were hungry.

You visited 1 branch of the dungeon, and saw 7 of its levels.

You collected 306 gold pieces.

Inventory:

Hand weapons
 a - a +0 flail (weapon)
Armour
 c - a +0 shield (worn)
 g - a +2 pair of boots (worn)
 q - a +0 pair of gloves (worn)
 z - a +0 plate armour (worn)
Jewellery
 m - a ring of sustain attributes (left hand)
 n - a ring of protection from cold (right hand)
 r - an amulet of resist corrosion (around neck)
Scrolls
 b - a scroll of teleportation
 k - 2 scrolls of magic mapping
 y - 3 scrolls of recharging
Potions
 f - 3 potions of curing
 h - a potion of brilliance
 i - 3 potions of degeneration
 o - a potion of invisibility
 p - a potion of agility {unknown}
 t - 2 potions of lignification {unknown}
 u - 2 potions of magic
 v - a potion of ambrosia {unknown}
 x - a potion of poison {unknown}
 A - a potion of flight {unknown}
 B - a potion of cancellation {unknown}
Comestibles
 d - 10 chunks of flesh
 e - 6 bread rations
 l - a beef jerky
 s - 3 royal jellies
 w - a meat ration


   Skills:
 + Level 9.8 Fighting
 + Level 8.7 Maces & Flails
 + Level 6.0 Armour
 - Level 3.2 Shields


You had 8 spell levels left.
You didn't know any spells.

Dungeon Overview and Level Annotations

Branches:
Dungeon (7/15)
 Temple: D:4-7

Altars:
Cheibriados
Fedhas
Gozag
Kikubaaqudgha
Nemelex Xobeh
Vehumet

Shops:
D:5 }   D:6 (

Annotations:
D:7 Joseph, Prince Ribbit


Message History

You block Joseph's attack.
It was a potion of resistance.
You feel protected. Joseph hits you but does no damage.
It was a potion of invisibility.
You fade into invisibility!
You are very lightly contaminated with residual magic.
You catch the helpless Joseph completely off-guard!
You hit Joseph.
Joseph is lightly wounded.
Joseph hits you but does no damage.
You hit Joseph but do no damage.
Joseph is lightly wounded.
Joseph hits you with an uncursed quarterstaff of protection!
* * * LOW HITPOINT WARNING * * *
You strike the helpless Joseph from behind!
You hit Joseph but do no damage.
Joseph is lightly wounded.
Joseph hits you with an uncursed quarterstaff of protection!
You die...

..####.###.#.#....#.#..........##
...............##.#.#............
...........#.####.#.#.....#.##.##
##.###.#####.#......#.....#.#....
...# #.# #.#............#.# #.
#### #.## .#.####.......... . ..#
#..# #..............# ###
#######.######.##......# .#
...#.....@@(............ ##
#.>.#....###............. .#
....#.. #..#######+ ## ######
##.# # #.# # #.# # #.# #.# #.#
..#


You could see Joseph.

Vanquished Creatures
  Edmund (D:4)
  An ice beast (D:5)
  Duvessa (D:6)
  2 ogres
  An orc warrior (D:6)
  A giant frog (D:6)
  Dowan (D:6)
  A water moccasin skeleton (D:6)
  A wight (D:6)
  5 killer bees (D:7)
  2 crimson imps
  A giant frog zombie (D:7)
  A jelly (D:7)
  5 orc wizards
  A giant frog skeleton (D:4)
  A gnoll shaman (D:7)
  2 iguanas
  Ijyb (D:3)
  3 hounds
  7 worker ants
  A statue (D:4)
  3 gnolls (D:7)
  9 adders
  A shadow imp (D:6)
  2 oozes
  An adder zombie (D:6)
  3 worms
  24 orcs
  3 ball pythons
  10 hobgoblins
  14 jackals
  2 quokkas
  4 bats
  4 giant cockroaches
  3 giant geckos
  2 giant gecko skeletons (D:4)
  A giant gecko zombie (D:6)
  5 giant newts
  12 goblins
  9 kobolds
  A quokka skeleton (D:7)
  6 rats
159 creatures vanquished.

Notes
Turn   | Place    | Note
--------------------------------------------------------------
     0 | D:1      | TruthSerum the Hill Orc Fighter began the quest for the Orb.
     0 | D:1      | Reached XP level 1. HP: 19/19 MP: 1/1
   116 | D:1      | Reached skill level 4 in Fighting
   116 | D:1      | Reached XP level 2. HP: 21/27 MP: 2/2
   663 | D:1      | Reached XP level 3. HP: 34/34 MP: 3/3
  1062 | D:2      | Found a blossoming altar of Fedhas.
  1062 | D:2      | Found an ancient bone altar of Kikubaaqudgha.
  1300 | D:2      | Reached XP level 4. HP: 36/41 MP: 4/4
  1435 | D:2      | Reached skill level 5 in Fighting
  1484 | D:3      | Noticed Ijyb
  1510 | D:3      | Killed Ijyb
  1624 | D:3      | Reached XP level 5. HP: 22/48 MP: 5/5
  2235 | D:4      | Found a radiant altar of Vehumet.
  2250 | D:4      | Reached skill level 6 in Fighting
  2281 | D:4      | Reached XP level 6. HP: 38/57 MP: 6/6
  2395 | D:4      | Reached skill level 5 in Maces & Flails
  3065 | D:4      | Noticed Edmund
  3065 | D:4      | Noticed an ogre
  3095 | D:4      | Killed Edmund
  3095 | D:4      | Reached skill level 7 in Fighting
  3095 | D:4      | Reached XP level 7. HP: 38/66 MP: 7/7
  3099 | D:4      | Killed an ogre
  3388 | D:5      | Entered Level 5 of the Dungeon
  3412 | D:5      | Found Uroifaf's Gadget Shop.
  3725 | D:5      | Reached skill level 8 in Fighting
  3770 | D:5      | Found a snail-covered altar of Cheibriados.
  4334 | D:6      | Found an opulent altar of Gozag.
  4334 | D:6      | Found a sparkling altar of Nemelex Xobeh.
  4436 | D:6      | Reached XP level 8. HP: 66/74 MP: 8/8
  4552 | D:6      | Found a sparkling altar of Nemelex Xobeh.
  4737 | D:6      | Noticed Duvessa
  4738 | D:6      | Noticed Dowan
  4751 | D:6      | Killed Duvessa
  4753 | D:6      | Killed Dowan
  4867 | D:6      | Found Moveu's Antique Weapon Shop.
  5285 | D:7      | Reached skill level 9 in Fighting
  5292 | D:7      | Reached skill level 5 in Armour
  5299 | D:7      | Found an ancient bone altar of Kikubaaqudgha.
  5439 | D:7      | Noticed Prince Ribbit
  5778 | D:7      | Reached XP level 9. HP: 66/84 MP: 9/9
  5881 | D:7      | Noticed Joseph
  5935 | D:7      | Slain by Joseph

Vault maps used:
D:1:      eino_arrival_water_cross
D:2:      grunt_temple_overflow_growth_and_decay
D:3:      uniq_iyjb
D:4:      vehumet_statue, uniq_edmund
D:5:      cheibriados_altar_1, serial_shops, shop, first_bread
D:6:      grunt_temple_overflow_opulence, serial_shops, kennysheep_mini_moat,
          kennysheep_small_circle, uniq_duvessa
D:7:      minmay_temple_entry_from_below_a, basic_altar, grunt_ministairs_7,
          minmay_door_square, uniq_prince_ribbit1, uniq_joseph

Action                   |  1- 3 |  4- 6 |  7- 9 || total
-------------------------+-------+-------+-------++-------
Melee: Flail             |   136 |   260 |   392 ||   788
  Use: Scroll            |     1 |     6 |     6 ||    13
       Potion            |       |       |     7 ||     7
 Stab: Invisible         |       |       |     2 ||     2
  Eat: Chunk             |     1 |     7 |     9 ||    17
